 Dungeon Crawl Stone Soup version 0.25-a0-458-g6fc7858b95 (webtiles) character file.

Game seed: 8658216175440859400, levelgen mode: deterministic

15530 BeastOfSaturn the Archer (level 12, -13/88 HPs)
             Began as a Centaur Arcane Marksman on Feb 2, 2020.
             Was a Priest of Ashenzari.
             Killed from afar by an efreet (35 damage)
             ... with a fireball
             ... on level 11 of the Dungeon.
             The game lasted 01:47:41 (21396 turns).

BeastOfSaturn the Archer (Centaur Arcane Marksman) Turns: 21396, Time: 01:47:42

Health: -13/88     AC: 19    Str: 15    XL:     12   Next: 2%
Magic:  16/16      EV: 10    Int: 12    God:    Ashenzari [***...]
Gold:   199        SH:  2    Dex: 17    Spells: 11/17 levels left

rFire    . . .     SeeInvis +   b - +2 glaive (vamp)
rCold    . . .     Gourm    .   (shield currently unavailable)
rNeg     . . .     Faith    .   G - +3 scale mail (curse)
rPois    .         Spirit   .   X - +1 helmet (curse)
rElec    .         Reflect  +   w - +0 cloak (curse)
rCorr    .         Harm     .   s - +2 pair of gloves (curse)
MR       .....                  (no barding)
Stlth    ..........             q - +2 amulet of reflection (curse)
HPRegen  0.24/turn              J - ring of wizardry
MPRegen  0.15/turn              K - +4 ring of dexterity (curse)

@: lightly drained, very quick
A: large, hooves 3, deformed body, speed 2, tough skin 3
a: Curse Item, Scrying, Renounce Religion


You were on level 11 of the Dungeon.
You worshipped Ashenzari.
Ashenzari was most pleased with you.
You were very full.

You visited 2 branches of the dungeon, and saw 13 of its levels.

You collected 535 gold pieces.
You spent 336 gold pieces at shops.

Inventory:

Hand Weapons
 a - a +1 shortbow
 b - a +2 vampiric glaive (weapon)
 F - a +2 dire flail of protection
Missiles
 d - 222 arrows
Armour
 o - a +1 chain mail of cold resistance
 s - a cursed +2 pair of gloves (worn)
 w - a cursed +0 cloak (worn)
 G - a cursed +3 scale mail (worn)
 U - a +0 troll leather armour
 X - a cursed +1 helmet (worn)
Jewellery
 c - an uncursed ring of protection from magic
 e - a +2 amulet of reflection
 p - an uncursed ring of stealth
 q - a cursed +2 amulet of reflection (around neck)
 J - a ring of wizardry (left hand)
 K - a cursed +4 ring of dexterity (right hand)
Wands
 t - a wand of polymorph (20)
 u - a wand of disintegration (24)
 x - a wand of flame (18)
 y - a wand of clouds (7)
 B - a wand of paralysis (12)
 O - a wand of iceblast (10)
 P - a wand of enslavement (8)
Scrolls
 h - a scroll of blinking
 i - 8 scrolls of teleportation
 k - 3 scrolls of amnesia
 z - a scroll of summoning {unknown}
 A - a scroll of fog {unknown}
 D - a scroll of brand weapon {unknown}
 M - a scroll of vulnerability {unknown}
 Q - a scroll of enchant armour
 S - a scroll of magic mapping {unknown}
 T - a scroll of enchant weapon
 W - a scroll of silence {unknown}
Potions
 g - 6 potions of flight
 j - a potion of degeneration
 l - a potion of brilliance {unknown}
 m - 6 potions of curing
 n - 3 potions of lignification
 r - a potion of might {unknown}
 v - 2 potions of resistance
 C - 2 potions of invisibility
 H - a potion of cancellation {unknown}
 I - 2 potions of ambrosia
 R - a potion of haste {unknown}
 V - a potion of agility
Comestibles
 f - 15 rations


   Skills:
 + Level 2.8(2.7) Fighting
 + Level 8.5(8.4) Maces & Flails
 * Level 1.0(0.9) Polearms
 - Level 14.0(13.8) Bows
 + Level 8.6(10.3) Armour
 + Level 3.9(5.5) Dodging
 - Level 0.1(0.0) Stealth
 * Level 3.1(2.9) Spellcasting
 + Level 3.4(5.0) Hexes
 + Level 0.1(0.2) Fire Magic


You had 11 spell levels left.
You knew the following spells:

 Your Spells              Type           Power        Failure   Level  Hunger
a - Corona                Hex            ##.....      4%          1    #......
b - Slow                  Hex            ##......     6%          2    ###....
c - Inner Flame           Hex/Fire       #.......     28%         3    ###....

Your spell library contained the following spells:

 Spells                   Type           Power        Failure   Level  Hunger
 Animate Skeleton         Necr           N/A          26%         1    #......
 Apportation              Tloc           #.....       26%         1    #......
 Sting                    Tmut/Pois      #...         26%         1    #......
 Summon Butterflies       Summ           #.......     26%         1    #......
 Summon Small Mammal      Summ           #...         26%         1    #......
 Portal Projectile        Hex/Tloc       #.....       30%         3    ###....
 Cause Fear               Hex            ##........   34%         4    #####..
 Poisonous Vapours        Pois/Air       #.....       38%         2    ###....
 Call Canine Familiar     Summ           #.......     61%         3    ###....
 Ignite Poison            Fire/Tmut/Pois #.......     61%         3    ###....
 Mephitic Cloud           Conj/Pois/Air  #.......     61%         3    ###....
 Leda's Liquefaction      Hex/Erth       #.........   67%         4    #####..
 Olgreb's Toxic Radiance  Pois           #.......     93%         4    #####..
 Summon Ice Beast         Ice/Summ       #.......     93%         4    #####..
 Summon Mana Viper        Hex/Summ       #.......     94%         5    ######.
 Summon Hydra             Summ           #.........   100%        7    #######


Dungeon Overview and Level Annotations

Branches:
Dungeon (12/15)            Temple (1/1) D:5            Lair (0/6) D:8
    Orc (0/2) D:9

Altars:
Ashenzari
Cheibriados
Dithmenos
Elyvilon
Fedhas
Gozag
Hepliaklqana
Kikubaaqudgha
Makhleb
Nemelex Xobeh
Okawaru
Qazlal
Ru
Sif Muna
Trog
Uskayaw
Vehumet
Wu Jian
Xom
Yredelemnul
Zin
The Shining One

Shops:
D:5 %   D:6 *   D:8 ?   D:11 (

Annotations:
D:3 3 runed translucent doors, poopendork's ghost, amateur MiMo


Innate Abilities, Weirdness & Mutations

You have hooves in place of feet.
Armour fits poorly on your strangely shaped body.
You cover ground very quickly.
You have extremely tough skin. (AC +3)


Message History

You completely miss the efreet. You kick the efreet, but do no damage.
The efreet is severely wounded.
The efreet hits you but does no damage.
You barely miss the efreet.
The efreet is severely wounded.
The efreet completely misses you.
You hit the efreet.
The efreet is severely wounded.
The efreet gestures at you.
The fireball explodes!
The fireball engulfs you!
* * * LOW HITPOINT WARNING * * *
The fireball engulfs the efreet.
The efreet completely resists.
The efreet hits you but does no damage. The efreet barely misses you.
There is a stone staircase leading up here.
You climb upwards.
There is a stone staircase leading down here.
The efreet gestures at you.
The fireball explodes!
The fireball engulfs you!!
You die...

#.# #.#####........... #.# #.#
#.######.... #.# #.# #.# #....
#####.# #.# #.# #....
......##########.# #.# #....
#####............# #.# #.###
#.##########.#####.# #.# #.#
#[>R....# #.# #.#
#@#####.######.# #####.# #.#
#...<....# ..(..^# #.#
#........# #####.# #.#
#........#
#.##########.#####^.......###
#..(.........................
#.........................###
#<....................<...#
#####..........[.......######.#


You could see an efreet.

Vanquished Creatures
  Harold (D:8)
  A tengu warrior (D:11)
  A two-headed ogre (D:11)
  2 unseen horrors
  A deep elf mage (D:10)
  A komodo dragon (D:11)
  2 hornets
  3 trolls
  6 hippogriffs
  A wraith (D:12)
  9 yaks
  3 wyverns
  A basilisk (D:10)
  2 hungry ghosts
  Edmund (D:6)
  4 porcupines (D:8)
  5 sky beasts
  7 black bears
  3 ice beasts
  3 orc warriors
  An eye of draining (D:12)
  6 ogres
  A wolf (D:8)
  3 phantoms
  10 centaurs
  5 crocodiles
  A big kobold (D:9)
  6 bullfrogs
  A water moccasin zombie (D:12)
  5 scorpions
  20 wights
  6 crimson imps
  A centaur zombie (D:12)
  A quasit (D:10)
  4 bullfrog zombies
  4 hounds
  2 jellies
  4 orc priests
  13 orc wizards
  A bullfrog skeleton (D:10)
  Terence (D:3)
  3 iguanas
  10 worker ants
  A hound skeleton (D:6)
  A worker ant zombie (D:4)
  15 adders
  7 river rats (D:5)
  2 shadow imps
  An adder zombie (D:9)
  2 adder skeletons (D:9)
  2 worms (D:2)
  3 dart slugs
  2 leopard geckos
  45 orcs
  6 giant cockroaches
  3 goblins
  6 hobgoblins
  4 jackals (D:1)
  11 quokkas
  6 bats
  7 frilled lizards
  6 kobolds
  A quokka skeleton (D:5)
  23 rats
320 creatures vanquished.

Vanquished Creatures (others)
  A bullfrog (D:12)
  A quokka (D:12)
  A fungus (D:8)
3 creatures vanquished.

Grand Total: 323 creatures vanquished

Notes
Turn   | Place    | Note
-------+----------+-------------------------------------------
     0 | D:1      | BeastOfSaturn the Centaur Arcane Marksman began the quest
                  | for the Orb.
     0 | D:1      | Reached XP level 1. HP: 16/16 MP: 2/2
   171 | D:1      | Reached skill level 3 in Bows
   212 | D:1      | Reached XP level 2. HP: 21/23 MP: 3/3
   585 | D:1      | Reached skill level 4 in Bows
   893 | D:1      | Reached XP level 3. HP: 27/28 MP: 4/4
  1200 | D:2      | Found a snail-covered altar of Cheibriados.
  1819 | D:3      | Reached XP level 4. HP: 35/35 MP: 5/5
  2000 | D:3      | Reached skill level 5 in Bows
  2066 | D:3      | Learned a level 2 spell: Slow
  2225 | D:3      | Noticed Terence
  2232 | D:3      | Killed Terence
  2232 | D:3      | Reached skill level 1 in Maces & Flails
  2232 | D:3      | Reached XP level 5. HP: 40/40 MP: 6/6
  2669 | D:3      | Found a runed translucent gate.
  2670 | D:3      | Found a runed translucent gate.
  2670 | D:3      | Found an opulent altar of Gozag.
  2670 | D:3      | Found a runed translucent gate.
  2671 | D:3      | Noticed poopendork's ghost (amateur MiMo)
  2745 | D:4      | Reached skill level 6 in Bows
  2745 | D:4      | Reached skill level 1 in Armour
  3089 | D:4      | Noticed an ogre
  3121 | D:3      | Reached XP level 6. HP: 42/48 MP: 7/7
  3307 | D:4      | Reached skill level 7 in Bows
  3645 | D:4      | Learned a level 3 spell: Inner Flame
  3993 | D:4      | Reached skill level 8 in Bows
  3993 | D:4      | Reached XP level 7. HP: 55/55 MP: 4/8
  4218 | D:5      | Entered Level 5 of the Dungeon
  4218 | D:5      | Found a staircase to the Ecumenical Temple.
  4269 | Temple   | Entered the Ecumenical Temple
  4358 | Temple   | Became a worshipper of Ashenzari the Shackled
  4582 | D:5      | Found an ornate altar of the Wu Jian Council.
  4582 | D:5      | Found a blossoming altar of Fedhas.
  5557 | D:5      | Reached skill level 9 in Bows
  6417 | D:5      | Found Bovoant's Food Emporium.
  6833 | D:6      | Found a blossoming altar of Fedhas.
  6849 | D:6      | Reached XP level 8. HP: 61/61 MP: 9/9
  6914 | D:6      | Noticed Edmund
  7371 | D:6      | Found Petaw's Assorted Antiques.
  7384 | D:6      | Bought 2 potions of heal wounds for 270 gold pieces
  7566 | D:6      | Killed Edmund
  8213 | D:6      | Reached skill level 10 in Bows
  8506 | D:7      | Noticed a hippogriff
  8514 | D:7      | Killed a hippogriff
  9108 | D:7      | Reached skill level 11 in Bows
  9108 | D:7      | Reached XP level 9. HP: 30/67 MP: 10/10
  9718 | D:7      | Found a radiant altar of Vehumet.
  9925 | D:7      | Found a white marble altar of Elyvilon.
 10068 | D:8      | Noticed Harold
 10070 | D:8      | Reached * piety under Ashenzari
 10079 | D:8      | Killed Harold
 10079 | D:8      | Reached skill level 5 in Armour
 10248 | D:8      | Found Nirysux's Magic Scroll Emporium.
 10255 | D:8      | Bought a scroll of remove curse for 33 gold pieces
 10255 | D:8      | Bought a scroll of remove curse for 33 gold pieces
 10472 | D:8      | Reached skill level 5 in Maces & Flails
 10480 | D:8      | Reached skill level 12 in Bows
 10995 | D:8      | Reached XP level 10. HP: 59/73 MP: 11/11
 11325 | D:8      | Found a staircase to the Lair.
 12471 | D:9      | Reached skill level 13 in Bows
 13207 | D:9      | Found a staircase to the Orcish Mines.
 13558 | D:9      | Noticed a catoblepas
 14321 | D:9      | Found an iron altar of Okawaru.
 14910 | D:9      | Reached skill level 14 in Bows
 15317 | D:10     | Entered Level 10 of the Dungeon
 15320 | D:10     | Reached XP level 11. HP: 79/79 MP: 11/13
 16553 | D:10     | Reached ** piety under Ashenzari
 16553 | D:10     | Noticed a deep elf mage
 16565 | D:10     | Killed a deep elf mage
 17152 | D:10     | Killed an unseen horror
 18040 | D:11     | Noticed a two-headed ogre
 18076 | D:11     | Killed a two-headed ogre
 18154 | D:11     | Found Fycyumnazue's Weapon Emporium.
 18435 | D:11     | Noticed a tengu warrior
 18486 | D:11     | Killed a tengu warrior
 19258 | D:12     | Reached *** piety under Ashenzari
 19507 | D:12     | Noticed an unseen horror
 19537 | D:12     | Killed an unseen horror
 19596 | D:12     | Paralysed by a hornet for 1 turns
 20424 | D:12     | Noticed a death knight
 20930 | D:12     | Reached XP level 12. HP: 81/88 MP: 16/16
 21024 | D:12     | Reached skill level 1 in Polearms
 21396 | D:11     | Killed from afar by an efreet

Levels and vault maps discovered:
D:1:      dpeg_arrival_rooms_c, layout_loops_ring
D:2:      layout_rooms, marbit_many_paths, first_ration
D:3:      layout_basic, ebering_ghost_gozag, kennysheep_generic_room_13,
          uniq_terence
D:4:      layout_basic, minmay_pentangle
D:5:      lemuel_ratsnest, layout_basic, gammafunk_temple_overflow_wave,
          temple_pool_b, serial_shops, shop, hangedman_abyss_or_decor_stagger
D:6:      layout_loops_ring, serial_shops, nicolae_shop_waterfront,
          fedhas_ov_isle_minmay, uniq_edmund
D:7:      layout_basic, kennysheep_mini, kennysheep_little_box
D:8:      minmay_general_purpose_star, layout_layer_cave,
          minmay_lair_entry_grove, serial_shops, shop, uniq_harold
D:9:      minmay_four_partial_circles, layout_irregular_city,
          kennysheep_mini_moat, orc_0_dummy
D:10:     layout_rooms
D:11:     layout_small_grid, serial_shops, shop, grunt_tengu_nest
D:12:     layout_roguey, serial_shops, shop
Temple:   nicolae_temple_elliptical

Skill      XL: |  1  2  3  4  5  6  7  8  9 10 11 12 |
---------------+-------------------------------------+-----
Bows           | 3 4 5 6 8 9 11 12 14 | 14.0
Maces & Flails | 1 2 3 5 7 8 |  8.5
Armour         | 1 2 4 5 6 8 |  8.6
Fighting       | 2 |  2.8
Hexes          | 3 |  3.4
Dodging        | 2 3 |  3.9
Spellcasting   | 3 |  3.1
Polearms       | 1 |  1.0
Stealth        | |  0.1
Fire Magic     | |  0.1

Action                   |  1- 3 |  4- 6 |  7- 9 | 10-12 || total
-------------------------+-------+-------+-------+-------++-------
Melee: Whip              |    44 |    52 |       |       ||    96
       Kick              |     8 |    16 |    63 |   125 ||   212
       Mace              |       |    22 |   187 |       ||   209
       Dire flail        |       |       |    70 |   346 ||   416
       Glaive            |       |       |       |    31 ||    31
 Fire: Shortbow          |    88 |   110 |   276 |   668 ||  1142
 Cast: Corona            |     2 |       |       |       ||     2
       Slow              |       |     2 |     2 |       ||     4
       Inner Flame       |       |     2 |       |     2 ||     4
Invok: Curse Item        |       |       |     3 |     4 ||     7
  Use: Scroll            |     3 |     3 |     8 |     7 ||    21
       Potion            |       |       |     1 |     3 ||     4
  Eat: Ration            |     1 |     1 |     7 |     9 ||    18
       Chunk             |       |     1 |       |       ||     1
Armor: Robe              |    33 |    61 |       |       ||    94
       Scale mail        |       |       |   170 |   327 ||   497
Dodge: Dodged            |    49 |    58 |   110 |   214 ||   431
Block: Other             |       |     5 |    22 |    44 ||    71
       Reflection        |       |       |       |     4 ||     4

Table legend:
 A = Non-vault XP
 B = Vault XP
 C = Vault XP percentage of total XP
 D = Non-vault monster count
 E = Vault monster count
 F = Vault count percentage of total count
                 A         B        C        D         E       F
            +---------+---------+-------+---------+---------+-------
      Total |   16765 |    5422 |  24.4 |     250 |      70 |  21.9
            +---------+---------+-------+---------+---------+-------
        D:1 |      41 |       0 |   0.0 |      24 |       0 |   0.0
        D:2 |      43 |       1 |   2.3 |      13 |       1 |   7.1
        D:3 |     214 |      37 |  14.7 |      27 |       2 |   6.9
        D:4 |     493 |      13 |   2.6 |      22 |       1 |   4.3
        D:5 |     349 |     197 |  36.1 |      12 |      35 |  74.5
        D:6 |     558 |     158 |  22.1 |      10 |       1 |   9.1
        D:7 |    1495 |       0 |   0.0 |      15 |       0 |   0.0
        D:8 |    1124 |    2802 |  71.4 |      23 |      17 |  42.5
        D:9 |    2180 |    1360 |  38.4 |      29 |      12 |  29.3
       D:10 |    3283 |       0 |   0.0 |      26 |       0 |   0.0
       D:11 |    3696 |     854 |  18.8 |      24 |       1 |   4.0
       D:12 |    3289 |       0 |   0.0 |      25 |       0 |   0.0
            +---------+---------+-------+---------+---------+-------
